 Dungeon Crawl Stone Soup version 0.25.0-33-gff14898491 (webtiles) character file.

Game seed: 8656101403279444488

125794 AvylaarBelgium the Eclecticist (level 16, -2/92 HPs)
             Began as a Deep Elf Ice Elementalist on July 6, 2020.
             Was a High Priest of Vehumet.
             Succumbed to a sea snake's poison
             ... on level 4 of the Snake Pit on July 7, 2020.
             The game lasted 03:29:16 (31604 turns).

AvylaarBelgium the Eclecticist (DEIE)              Turns: 31604, Time: 03:29:17

Health: -2/92      AC: 10    Str:  6    XL:     16   Next: 42%
Magic:  35/39      EV: 33    Int: 27    God:    Vehumet [*****.]
Gold:   3018       SH:  0    Dex: 20    Spells: 2/49 levels left

rFire    . . .     SeeInvis .   (weapon currently unavailable)
rCold    . . .     Gourm    .   (shield currently unavailable)
rNeg     . . .     Faith    .   (armour currently unavailable)
rPois    .         Spirit   .   (helmet currently unavailable)
rElec    .         Reflect  .   (cloak currently unavailable)
rCorr    .         Harm     .   (gloves currently unavailable)
MR       +....                  (boots currently unavailable)
Stlth    ++++......             h - amulet of magic regeneration
HPRegen  0.25/turn              (ring currently unavailable)
MPRegen  0.51/turn              (ring currently unavailable)

@: lethally poisoned (-2 -> -52), icy armour, bat-form, no potions, flying, very
slightly contaminated, very quick
A: tiny
a: Renounce Religion


You were on level 4 of the Snake Pit.
You worshipped Vehumet.
Vehumet was extremely pleased with you.
You were not hungry.
You were in bat-form.
You visited 6 branches of the dungeon, and saw 26 of its levels.
You also visited: Ossuary.

You collected 3392 gold pieces.
You spent 374 gold pieces at shops.

Inventory:

Hand Weapons
 A - a +0 lajatang of protection
 F - the +1 short sword of Fouher {pain, rElec}
   (You found it on level 6 of the Dungeon)

   In the hands of one skilled in necromantic magic, it inflicts extra damage on
   living creatures.
   It insulates you from electricity.
Missiles
 s - 77 poisoned darts (quivered)
 H - 2 throwing nets
 P - 8 boomerangs of dispersal
Armour
 b - a +0 pair of boots (melded)
 d - a +1 robe of fire resistance
 l - the +5 robe "Voetzo Rept" (melded) {Str+7}
   (You found it on level 10 of the Dungeon)

   It affects your strength (+7).
 n - a scarf of repulsion (melded)
 t - the +3 kite shield of the Carpenter {Str+4}
   (You found it on level 10 of the Dungeon)

   It affects your strength (+4).
 u - a +1 robe of positive energy
 x - a +0 helmet (melded)
 B - the cursed +0 scale mail of the Pure Olives {rF- Regen+ MP+9 Int+6, unknown}
   (You found it on level 4 of the Snake Pit)

   It affects your intelligence (+6).
   It makes you vulnerable to fire.
   It affects your magic capacity (+9).
   It increases your rate of regeneration.
   It has a curse placed upon it.
 L - a +0 buckler (melded)
Magical Staves
 C - an uncursed staff of wizardry
 I - an uncursed staff of energy (melded)
Jewellery
 h - an amulet of magic regeneration (around neck)
 p - an uncursed ring of resist corrosion
 r - a ring of magical power (melded)
 w - an uncursed ring of wizardry
 z - a +6 ring of dexterity
 Y - a ring of ice (melded)
Wands
 g - a wand of paralysis (11)
 E - a wand of iceblast (26)
 K - a wand of polymorph (21)
 Q - a wand of digging (6)
 R - a wand of acid (4)
Scrolls
 e - 4 scrolls of amnesia
 j - 11 scrolls of remove curse
 m - 2 scrolls of vulnerability
 o - 3 scrolls of enchant weapon
 v - 5 scrolls of magic mapping
 y - 4 scrolls of teleportation
 D - a scroll of fog
 M - a scroll of brand weapon
 N - a scroll of silence
 O - 2 scrolls of immolation
 S - 5 scrolls of enchant armour
 U - a scroll of holy word
Potions
 a - a potion of invisibility {unknown}
 f - 5 potions of might
 i - 3 potions of resistance
 k - 10 potions of brilliance
 q - 4 potions of cancellation
 G - a potion of curing
 J - 2 potions of flight
 T - a potion of ambrosia
 W - a potion of mutation
 X - a potion of lignification
 Z - a potion of haste
Comestibles
 c - 46 rations


   Skills:
 - Level 7.8 Fighting
   Level 1.3 Bows
 - Level 1.2 Armour
 - Level 13.0 Dodging
 + Level 7.8 Stealth
 - Level 4.0 Shields
 - Level 17.2 Spellcasting
 - Level 13.2 Conjurations
 + Level 9.5 Summonings
   Level 4.7 Fire Magic
 - Level 13.1 Ice Magic
 - Level 6.4 Earth Magic
 - Level 8.1 Evocations


You had 2 spell levels left.
You knew the following spells:

 Your Spells              Type           Power        Failure   Level  Hunger
a - Ozocubu's Refrigerat  Ice            #######...   1%          6    ###....
b - Frozen Ramparts       Ice            ######       1%          3    None
c - Ozocubu's Armour      Chrm/Ice       ######..     1%          3    None
d - Hailstorm             Conj/Ice       #######.     1%          4    None
e - Summon Ice Beast      Ice/Summ       ######..     1%          4    None
f - Ice Form              Ice/Tmut       ######..     1%          4    None
g - Iskenderun's Battles  Conj/Chrm      ######..     1%          5    None
h - Stone Arrow           Conj/Erth      ######       1%          3    None
i - Iron Shot             Conj/Erth      ######....   1%          6    ###....
j - Swiftness             Chrm/Air       ###.....     3%          2    None
k - Orb of Destruction    Conj           #######...   2%          7    #####..

Your spell library contained the following spells:

 Spells                   Type           Power        Failure   Level  Hunger
 Freeze                   Ice            ####         0%          1    None
 Animate Skeleton         Necr           N/A          1%          1    None
 Apportation              Tloc           ###...       1%          1    None
 Beastly Appendage        Tmut           ###...       1%          1    None
 Corona                   Hex            ###....      1%          1    None
 Infusion                 Chrm           ###.         1%          1    None
 Shock                    Conj/Air       ####         1%          1    None
 Summon Small Mammal      Summ           ####         1%          1    None
 Shroud of Golubria       Chrm/Tloc      ###...       3%          2    None
 Song of Slaying          Chrm           ###.....     3%          2    None
 Sticks to Snakes         Tmut           ###.....     3%          2    None
 Static Discharge         Conj/Air       ######..     1%          3    None
 Lightning Bolt           Conj/Air       ######....   1%          5    None
 Airstrike                Air            ###.......   5%          4    None
 Spectral Weapon          Hex/Chrm       ###.....     6%          3    None
 Spider Form              Tmut/Pois      ###.......   6%          3    None
 Blade Hands              Tmut           ###.......   50%         5    None


Dungeon Overview and Level Annotations

Branches:
Dungeon (13/15)            Temple (1/1) D:6            Lair (6/6) D:10
 Shoals (1/4) Lair:4        Snake (4/4) Lair:2        Slime (1/5) Lair:6
    Orc (0/2) D:10        Ossuary (visited)
 Vaults: D:13-14

Altars:
Ashenzari
Cheibriados
Elyvilon
Fedhas
Gozag
Hepliaklqana
Makhleb
Nemelex Xobeh
Qazlal
Sif Muna
Vehumet
Yredelemnul

Shops:
D:6 %   D:7 *   D:13 (   Snake:2 %

Annotations:
Snake:3 Vashnia


Message History

Your ring of ice melds into your body.
Your ring of magical power melds into your body.
The haze of the repulsion field disappears.
You feel your magic capacity decrease.
* * * LOW HITPOINT WARNING * * *
You feel very sick.
Unknown command.
Evoke which item? (* to show all) (? for menu, Esc to quit)
Okay, then.
You cannot drink potions in your current state!
You cannot drink potions in your current state!
You cannot drink potions in your current state!
You cannot drink potions in your current state!
You cannot drink potions in your current state!
Evoke which item? (* to show all) (? for menu, Esc to quit)
Aiming: Polymorph
Press: ? - help, Shift-Dir - straight line, f - you That beam is likely to hit you.
Continue anyway?
Nothing appears to happen.
You die...

######..######........#......
#................#######
#.......................
#.........####'##.......
#.........#.....#.......
##........#.....#.......
#........+.....#.......
#........+.....#.......
#.....b..#.....#.......
#..).....#.....#.......
#%.......###'###.......
##.....................
##.....................
##.[............รท.......
##.......................
#........................
#........................


There were no monsters in sight!

Vanquished Creatures
  Kirke (D:11)
  Donald (Snake:2)
  A nagaraja (Snake:3)
  2 entropy weavers (Lair:6)
  Snorg (D:12)
  A catoblepas (Lair:5)
  9 naga warriors
  10 anacondas
  6 hydras
  Erica (D:11)
  11 naga sharpshooters
  4 shock serpents
  A sea snake (Snake:4)
  8 harpies (Shoals:1)
  An unseen horror (D:10)
  An orc knight (D:10)
  9 naga ritualists
  An oklob plant (Lair:3)
  6 salamanders
  3 deep elf magi
  6 mana vipers (Snake:3)
  A cyclops (D:13)
  An ugly thing (D:11)
  8 elephants
  A manticore (Lair:2)
  8 naga magi
  24 black mambas
  3 guardian serpents
  A guardian serpent (shapeshifter) (D:13)
  2 centaur zombies (D:13)
  A torpor snail (Lair:6)
  A gargoyle (D:10)
  7 spiny frogs
  A centaur skeleton (D:13)
  4 rime drakes
  5 komodo dragons
  A freezing wraith (D:13)
  A troll (D:9)
  3 polar bears (Lair:6)
  A tengu conjurer (D:13)
  15 hippogriffs
  A hippogriff (shapeshifter) (D:10)
  3 hornets (Lair:6)
  19 blink frogs
  A shadow (D:13)
  5 dream sheep (Lair:6)
  11 spriggans (Lair:6)
  A human (shapeshifter) (D:13)
  5 wyverns
  3 basilisks (Lair:5)
  32 yaks
  A hog (D:12)
  A hungry ghost (D:8)
  2 steam dragons
  23 nagas
  6 water moccasins
  A hell hound (Lair:5)
  6 soldier ants (Lair:6)
  2 porcupines (Lair:5)
  5 orc warriors
  2 sky beasts
  A slave (D:9)
  A black bear (Lair:6)
  3 ice beasts
  2 ogres
  A necrophage (D:9)
  3 phantoms
  13 wolves
  4 boggarts (Lair:6)
  4 centaurs
  7 crocodiles
  An elf zombie (Ossuary)
  Blork the orc (D:6)
  A big kobold (D:11)
  10 bullfrogs
  A wyvern skeleton (D:12)
  31 killer bees
  2 scorpions
  12 wights
  An electric eel (Lair:4)
  3 howler monkeys
  A crimson imp (D:5)
  A bullfrog zombie (D:10)
  A quasit (D:9)
  3 jellies
  3 hounds
  A gnoll shaman (D:7)
  6 orc priests
  A bullfrog skeleton (D:13)
  Jessica (D:3)
  2 iguanas
  13 orc wizards
  7 hell rats (Lair:5)
  16 worker ants
  3 mummies (Ossuary)
  7 adders
  8 gnolls
  A shadow imp (D:11)
  An ooze (D:6)
  An adder skeleton (D:4)
  An adder zombie (Ossuary)
  A worm (D:2)
  2 leopard geckos
  48 orcs
  6 ball pythons
  6 giant cockroaches
  13 hobgoblins
  7 jackals
  6 quokkas
  A ball python skeleton (D:4)
  7 bats
  4 frilled lizards
  9 goblins
  2 hobgoblin zombies (Ossuary)
  10 kobolds
  2 quokka zombies (Ossuary)
  8 rats
  A bush (Lair:5)
  A butterfly (Lair:5)
  6 fungi
  9 plants
632 creatures vanquished.

Vanquished Creatures (collateral kills)
  The ghost of wojtek the Protected, a journeyman MiFi of Makhleb (Lair:4)
  Erolcha (D:12)
  A naga warrior (Snake:3)
  4 hydras
  3 anacondas
  3 two-headed ogres
  A queen ant (Lair:6)
  2 naga sharpshooters
  8 slime creatures
  Pikel (D:9)
  A harpy (Shoals:1)
  A mana viper (Snake:3)
  4 ugly things
  A manticore (D:11)
  A cyclops (D:11)
  An oklob plant (Lair:3)
  A salamander (Snake:2)
  6 elephants
  9 black mambas
  3 komodo dragons
  2 spiny frogs
  A rime drake (Lair:2)
  A yaktaur (shapeshifter) (D:10)
  A meliai (D:10)
  2 trolls
  4 polar bears (Lair:6)
  12 blink frogs
  3 hornets
  5 hippogriffs
  A snapping turtle (Lair:4)
  2 dream sheep (Lair:6)
  A spriggan (Lair:6)
  2 shadows
  6 basilisks
  29 yaks
  A wyvern (D:10)
  A hog (D:11)
  A hungry ghost (D:13)
  5 nagas
  6 soldier ants (Lair:6)
  4 water moccasins
  A porcupine (Lair:2)
  A slave (D:9)
  A sky beast (D:5)
  2 ogres
  A black bear (D:8)
  An ice beast (D:7)
  A phantom (D:4)
  2 centaurs (D:11)
  A necrophage (D:11)
  12 wolves (Lair:6)
  5 crocodiles
  A big kobold (D:10)
  4 bullfrogs
  2 wyvern zombies
  2 scorpions
  10 killer bees
  A water moccasin skeleton (D:5)
  9 wights
  A bullfrog zombie (D:8)
  A howler monkey (D:11)
  A crimson imp (D:11)
  3 centaur zombies
  3 orc priests
  2 hounds
  2 jellies (D:8)
  2 orc wizards
  2 bullfrog skeletons
  An iguana (D:5)
  13 worker ants
  A worker ant zombie (D:9)
  A howler monkey skeleton (D:6)
  3 adders
  3 gnolls (D:11)
  2 shadow imps
  An adder skeleton (D:8)
  An adder zombie (Ossuary)
  A worm (D:5)
  6 orcs
  A giant cockroach (D:8)
  A gnoll zombie (Ossuary)
  4 kobolds (D:10)
  3 hobgoblin zombies (Ossuary)
  A jackal zombie (D:5)
  A kobold zombie (Ossuary)
  A quokka skeleton (D:10)
  5 quokka zombies (Ossuary)
  A rat zombie (Ossuary)
268 creatures vanquished.

Vanquished Creatures (others)
  A centaur zombie (D:12)
  A centaur skeleton (D:12)
  2 humans (D:12)
  2 slaves (D:9)
  13 fungi
  24 plants
43 creatures vanquished.

Grand Total: 943 creatures vanquished

Notes
Turn   | Place    | Note
-------+----------+-------------------------------------------
     0 | D:1      | AvylaarBelgium the Deep Elf Ice Elementalist began the
                  | quest for the Orb.
     0 | D:1      | Reached XP level 1. HP: 10/10 MP: 6/6
   529 | D:1      | Reached XP level 2. HP: 15/15 MP: 4/8
  1602 | D:2      | Reached skill level 4 in Spellcasting
  1735 | D:2      | Reached skill level 5 in Ice Magic
  1735 | D:2      | Reached XP level 3. HP: 18/19 MP: 8/10
  1906 | D:2      | Reached XP level 4. HP: 10/24 MP: 5/12
  2240 | D:2      | Reached skill level 5 in Spellcasting
  2609 | D:3      | Learned a level 3 spell: Frozen Ramparts
  2620 | D:3      | Learned a level 3 spell: Ozocubu's Armour
  2625 | D:3      | Learned a level 4 spell: Summon Ice Beast
  3156 | D:3      | Reached XP level 5. HP: 20/28 MP: 10/14
  3296 | D:3      | Noticed Jessica
  3321 | D:3      | Killed Jessica
  3354 | D:3      | Reached skill level 6 in Spellcasting
  3992 | D:4      | Reached XP level 6. HP: 32/32 MP: 11/17
  4700 | D:4      | Reached skill level 7 in Spellcasting
  5099 | D:5      | Entered Level 5 of the Dungeon
  5227 | D:5      | Reached XP level 7. HP: 30/36 MP: 11/20
  5341 | D:5      | Found a white marble altar of Elyvilon.
  5486 | D:5      | Reached skill level 8 in Spellcasting
  6673 | D:6      | Reached skill level 1 in Bows
  6673 | D:6      | Reached skill level 9 in Spellcasting
  6673 | D:6      | Reached skill level 1 in Summonings
  6673 | D:6      | Reached XP level 8. HP: 41/41 MP: 12/23
  6779 | D:6      | Found a staircase to the Ecumenical Temple.
  6802 | Temple   | Entered the Ecumenical Temple
  6838 | Temple   | Became a worshipper of Vehumet
  7084 | D:6      | Learned a level 4 spell: Hailstorm
  7089 | D:6      | Learned a level 4 spell: Ice Form
  7119 | D:6      | Found Tereif's Food Emporium.
  7120 | D:6      | Got a fine short sword
  7121 | D:6      | Identified the +1 short sword of Fouher {pain, rElec} (You
                  | found it on level 6 of the Dungeon)
  7580 | D:6      | Noticed Blork the orc
  7586 | D:6      | Killed Blork the orc
  7586 | D:6      | Reached skill level 1 in Conjurations
  7884 | D:7      | Found Faddet Qeog's Assorted Antiques.
  7891 | D:7      | Bought a scroll labeled WAEXURGHIMEM for 22 gold pieces
  7891 | D:7      | Bought a scroll labeled DOLASOLUNE for 22 gold pieces
  7891 | D:7      | Bought a scroll of identify for 44 gold pieces
  7891 | D:7      | Bought an iridescent falchion for 176 gold pieces
  7891 | D:7      | Identified the +3 falchion of Qudu {vamp, Dex+6} (You
                  | bought it in a shop on level 7 of the Dungeon)
  7935 | D:7      | Found a shattered altar of Ashenzari.
  9543 | D:8      | Found a sand-covered staircase.
  9549 | Ossuary  | Entered an ossuary
  9551 | Ossuary  | Reached XP level 9. HP: 35/45 MP: 23/24
  9551 | Ossuary  | Reached skill level 5 in Summonings
  9552 | Ossuary  | Reached * piety under Vehumet
  9552 | Ossuary  | Offered knowledge of Magic Dart by Vehumet.
  9990 | D:8      | Noticed a two-headed ogre
 10000 | D:8      | Reached skill level 10 in Spellcasting
 10000 | D:8      | Killed a two-headed ogre
 10426 | D:8      | Found a sparkling altar of Nemelex Xobeh.
 10964 | D:8      | Found a shimmering blue altar of Sif Muna.
 11085 | D:9      | Reached ** piety under Vehumet
 11085 | D:9      | Offered knowledge of Searing Ray by Vehumet.
 11107 | D:9      | Reached skill level 5 in Conjurations
 11143 | D:9      | Noticed Pikel
 11148 | D:9      | Killed Pikel
 11148 | D:9      | Reached XP level 10. HP: 48/50 MP: 5/26
 11187 | D:9      | Reached skill level 10 in Ice Magic
 11480 | D:9      | Reached skill level 11 in Spellcasting
 11743 | D:10     | Entered Level 10 of the Dungeon
 11752 | D:10     | HP: 3/60 [something (9)]
 11767 | D:10     | HP: 1/60 [yak (15)]
 11769 | D:10     | Offered knowledge of Ignite Poison by Vehumet.
 11770 | D:10     | Reached skill level 5 in Dodging
 12102 | D:11     | Reached *** piety under Vehumet
 12350 | D:11     | Noticed a two-headed ogre
 12357 | D:11     | Killed a two-headed ogre
 13018 | D:11     | Offered knowledge of Sticky Flame by Vehumet.
 13024 | D:11     | Learned a level 4 spell: Sticky Flame
 13236 | D:11     | Noticed Erica
 13335 | D:11     | Killed Erica
 13338 | D:11     | Found a snail-covered altar of Cheibriados.
 13446 | D:11     | Reached XP level 11. HP: 54/54 MP: 27/28
 13460 | D:11     | Reached skill level 1 in Fire Magic
 13643 | D:11     | Noticed a green ugly thing
 13643 | D:11     | Noticed a cyan ugly thing
 13645 | D:11     | Noticed a green ugly thing
 13657 | D:11     | Killed a purple ugly thing
 13659 | D:11     | Killed a green ugly thing
 13659 | D:11     | Reached **** piety under Vehumet
 13660 | D:11     | Killed a cyan ugly thing
 13660 | D:11     | Reached skill level 12 in Spellcasting
 13781 | D:11     | Offered knowledge of Stone Arrow by Vehumet.
 13786 | D:11     | Learned a level 3 spell: Stone Arrow
 14450 | D:11     | Reached skill level 1 in Fighting
 15034 | D:12     | Noticed Erolcha
 15055 | D:12     | Killed Erolcha
 15196 | D:12     | Noticed a deep elf mage
 15199 | D:12     | Killed a deep elf mage
 15297 | D:12     | Reached skill level 5 in Fighting
 15441 | D:12     | Noticed Snorg
 15441 | D:12     | Noticed a deep elf mage
 15446 | D:12     | Killed a deep elf mage
 15449 | D:12     | Killed Snorg
 15450 | D:12     | Reached XP level 12. HP: 18/70 MP: 17/30
 15726 | D:12     | Noticed Kirke
 15736 | D:11     | Killed Kirke
 15816 | D:12     | Reached ***** piety under Vehumet
 15822 | D:12     | Offered knowledge of Bolt of Magma by Vehumet.
 16131 | D:12     | Noticed a two-headed ogre
 16141 | D:12     | Killed a two-headed ogre
 16538 | D:12     | Found a shimmering blue altar of Sif Muna.
 16769 | D:13     | Reached skill level 1 in Earth Magic
 16902 | D:13     | Found a white marble altar of Elyvilon.
 17006 | D:13     | Noticed a fire dragon
 17350 | D:13     | Learned a level 5 spell: Bolt of Magma
 17515 | D:13     | Found Nuary's Weapon Boutique.
 17956 | D:13     | Reached skill level 13 in Spellcasting
 18454 | D:10     | Reached skill level 10 in Conjurations
 18852 | D:10     | Reached skill level 5 in Earth Magic
 18993 | D:10     | Got a distressingly furry robe
 18993 | D:10     | Got a scorched kite shield
 19004 | D:10     | Identified the +5 robe "Voetzo Rept" {Str+7} (You found it
                  | on level 10 of the Dungeon)
 19157 | D:10     | Found a staircase to the Lair.
 19201 | D:10     | Found a staircase to the Orcish Mines.
 19268 | Lair:1   | Entered Level 1 of the Lair of Beasts
 20057 | Lair:2   | Noticed an eight-headed hydra
 20063 | Lair:2   | Killed an eight-headed hydra
 20063 | Lair:2   | Reached XP level 13. HP: 78/78 MP: 23/32
 20094 | Lair:2   | Reached skill level 1 in Shields
 20098 | Lair:2   | Offered knowledge of Yara's Violent Unravelling by Vehumet.
 20099 | Lair:2   | Reached skill level 1 in Armour
 20491 | Lair:2   | Reached skill level 14 in Spellcasting
 20852 | Lair:2   | Identified the +3 kite shield of the Carpenter {Str+4} (You
                  | found it on level 10 of the Dungeon)
 21020 | Lair:2   | Found a staircase to the Snake Pit.
 21802 | Lair:3   | Learned a level 2 spell: Swiftness
 22657 | Lair:4   | Found a large runed translucent door.
 22658 | Lair:4   | Found a large runed translucent door.
 22661 | Lair:4   | Noticed wojtek's ghost (journeyman MiFi)
 22721 | Lair:4   | Killed wojtek's ghost
 23194 | Lair:4   | Reached skill level 1 in Evocations
 23266 | Lair:4   | Found a staircase to the Shoals.
 23315 | Shoals:1 | Entered Level 1 of the Shoals
 23332 | Shoals:1 | Reached skill level 15 in Spellcasting
 23834 | Lair:4   | Offered knowledge of Iron Shot by Vehumet.
 23842 | Lair:4   | Learned a level 6 spell: Iron Shot
 24299 | Lair:5   | Reached XP level 14. HP: 83/83 MP: 8/35
 25274 | Lair:5   | Identified a scroll of acquirement
 25389 | Lair:6   | Entered Level 6 of the Lair of Beasts
 25407 | Lair:6   | Offered knowledge of Ozocubu's Refrigeration by Vehumet.
 25411 | Lair:6   | Found the +8 arc blade {discharge, rElec}
 25545 | Lair:6   | Noticed an entropy weaver
 25552 | Lair:6   | Noticed an entropy weaver
 25566 | Lair:6   | Killed an entropy weaver
 25567 | Lair:6   | Reached skill level 5 in Evocations
 25733 | Lair:6   | Learned a level 6 spell: Ozocubu's Refrigeration
 25805 | Lair:6   | Killed an entropy weaver
 26041 | Lair:6   | Found a staircase to the Slime Pits.
 26193 | Lair:6   | Reached ****** piety under Vehumet
 26238 | Lair:6   | Reached skill level 10 in Dodging
 26435 | Lair:6   | Reached XP level 15. HP: 69/88 MP: 36/36
 26454 | Lair:6   | Offered knowledge of Iskenderun's Battlesphere by Vehumet.
 27582 | Slime:1  | Entered Level 1 of the Pits of Slime
 27582 | Slime:1  | Noticed an azure jelly
 27600 | Lair:6   | Learned a level 5 spell: Iskenderun's Battlesphere
 27669 | Snake:1  | Entered Level 1 of the Snake Pit
 28194 | Snake:3  | Noticed Vashnia
 28346 | Snake:2  | Noticed Donald
 28361 | Snake:2  | Killed Donald
 28573 | Snake:2  | Got a jewelled leather armour
 28579 | Snake:2  | Identified the +1 leather armour "Ruqeil" {-Cast rC+
                  | Stlth+} (You found it on level 2 of the Snake Pit)
 28709 | Snake:2  | Reached skill level 16 in Spellcasting
 29260 | Snake:2  | Found Temn's Food Shop.
 29263 | Snake:2  | Bought a ration for 55 gold pieces
 29263 | Snake:2  | Bought a ration for 55 gold pieces
 29606 | Snake:3  | Offered knowledge of Orb of Destruction by Vehumet.
 29971 | Snake:4  | Entered Level 4 of the Snake Pit
 30324 | Snake:3  | Noticed a nagaraja
 30526 | Snake:3  | Killed a nagaraja
 30538 | Snake:3  | Reached skill level 17 in Spellcasting
 30555 | Snake:3  | Learned a level 7 spell: Orb of Destruction
 30924 | Snake:3  | Reached XP level 16. HP: 90/92 MP: 35/39
 31145 | Snake:4  | Got a brightly glowing scale mail
 31161 | Snake:4  | Reached skill level 5 in Stealth
 31603 | Snake:4  | HP: 1/92 [poisoned by a sea snake]
 31604 | Snake:4  | Succumbed to a sea snake's poison

Illustrated notes

Levels and vault maps discovered:
D:1:      dpeg_arrival_pits, layout_basic, serial_co_window_serial,
          co_window_paths_a, co_window_corner_a, co_window_paths_b,
          co_window_paths_b, co_window_paths_b, co_window_paths_a,
          co_window_of_opportunity_a, co_window_cross_4, co_window_2corner,
          co_window_2corner, co_window_unsneaky_path_c,
          co_window_unsneaky_path_d, co_window_of_opportunity_b,
          co_window_corner_ca, glass_columns_c, glass_columns_b,
          glass_columns_b, glass_columns_a, glass_columns_a, hex_tiny
D:2:      layout_loops_ring
D:3:      layout_rooms, first_ration, kennysheep_potato, uniq_jessica
D:4:      wander_river, layout_loops_corners, minmay_distorted
D:5:      layout_loops_corners, basic_altar, hangedman_decor_peaks_small,
          fountainhead
D:6:      layout_loops_ring, minmay_temple_entry_junction, serial_shops, shop,
          uniq_blork_the_orc
D:7:      layout_basic, serial_shops, nicolae_shop_statue_plus, grunt_ogre_cave,
          minmay_misc_feat_nine_boxes, kennysheep_pointless_box,
          cheibrodos_ashenzari_chains
D:8:      layout_basic, lemuel_round_altar, nicolae_ossuary_entry_plus,
          basic_altar, kennysheep_nondescript, bh_walls_and_bars
D:9:      layout_small_grid, uniq_pikel
D:10:     minmay_the_grid_triangle_9x9_rhombus_thin_mashed
          [minmay_the_grid_triangle_9x9_stretched_checkered,
          minmay_the_grid_triangle_9x9_prize_top_heavy,
          minmay_the_grid_triangle_9x9_pentomino_pain,
          minmay_the_grid_triangle_9x9_zippers_horizontal],
          layout_irregular_city, david_lair_shrubbed,
          nicolae_trove_entry_columns
D:11:     layout_cave_pools, portal_ice_cave_entry_pillars_1, dk_vineyard_1,
          cheibriados_altar_1, uniq_erica
D:12:     layout_loops_ring, basic_altar, uniq_erolcha, uniq_kirke, uniq_snorg
D:13:     layout_long_grid, serial_shops, nicolae_shop_waterfront,
          elyvilon_altar_4
Temple:   minmay_crystal_snake_temple
Lair:1:   layout_cave_shapes, grunt_megastairs_1, lemuel_fruit_fields,
          lemuel_fruit_fields
Lair:2:   regret_index_combs_of_tragedy, layout_chaotic_city,
          minmay_snake_entry_guardpost_medium, chequers_serial_rivers_marsh
Lair:3:   layout_misc_corridors, gauntlet_entry_generic, st_stairs_13,
          lemuel_old_faithful
Lair:4:   layout_cave_pods, minmay_shoals_entry_hut, ebering_ghost_disaster_area
Lair:5:   layout_roguey [special_room_mythical_zoo], minmay_hedge_maze,
          st_stairs_10, lemuel_fruit_fields
Lair:6:   minmay_lair_end_enchanted_forest, layout_gridlike,
          dpeg_slime_entry_corner, minmay_another_anthill, grunt_megastairs_5
Shoals:1: layout_shoals, nicolae_shoals_siren_and_animal_friends
Snake:1:  layout_concentric_octagons, minmay_shop_grove, uniq_aizul,
          uniq_roxanne
Snake:2:  layout_misc_corridors, minmay_shop_star, uniq_donald
Snake:3:  nicolae_snakescales, layout_cave_shapes, serial_shops, shop_fountains,
          chequers_hall_statues_y, lemuel_fruit_tree, uniq_vashnia
Snake:4:  grunt_snake_rune_pools, layout_cave_town, st_stairs_1
Slime:1:  layout_caves

Skill      XL: |  1  2  3  4  5  6  7  8  9 10 11 12 13 14 15 16 |
---------------+-------------------------------------------------+-----
Spellcasting   | 4 5 6 7 9 10 11 12 13 15 17 | 17.2
Ice Magic      | 5 6 7 8 9 10 12 13 | 13.1
Bows           | 1 |  1.3
Summonings     | 1 4 7 9 |  9.5
Conjurations   | 2 5 7 9 10 12 13 | 13.2
Dodging        | 3 7 10 13 | 13.0
Fire Magic     | 4 |  4.7
Fighting       | 6 7 |  7.8
Earth Magic    | 5 6 |  6.4
Shields        | 2 4 |  4.0
Armour         | 1 |  1.2
Evocations     | 3 8 |  8.1
Stealth        | 7 |  7.8

Action                   |  1- 3 |  4- 6 |  7- 9 | 10-12 | 13-15 | 16-18 || total
-------------------------+-------+-------+-------+-------+-------+-------++-------
Melee: Unarmed           |     1 |       |       |     2 |     3 |       ||     6
       Club              |     2 |       |       |       |       |       ||     2
       Short sword       |     2 |     4 |     2 |       |       |       ||     8
       Falchion          |       |       |    74 |    17 |     2 |       ||    93
       Staff             |       |       |       |       |    16 |       ||    16
 Fire: Hunting sling     |       |   107 |    12 |       |       |       ||   119
       Shortbow          |       |       |    13 |       |       |       ||    13
 Cast: Freeze            |    50 |    71 |    59 |    27 |     1 |       ||   208
       Frozen Ramparts   |       |    12 |    23 |    36 |    27 |       ||    98
       Summon Ice Beast  |       |     5 |    41 |   137 |   191 |     7 ||   381
       Hailstorm         |       |       |    34 |    50 |    70 |       ||   154
       Ozocubu's Armour  |       |       |     1 |     4 |     4 |     1 ||    10
       Ice Form          |       |       |     1 |     2 |     3 |     1 ||     7
       Stone Arrow       |       |       |       |    69 |   187 |     3 ||   259
       Sticky Flame      |       |       |       |     7 |     2 |       ||     9
       Bolt of Magma     |       |       |       |    19 |    11 |       ||    30
       Iron Shot         |       |       |       |       |    45 |     9 ||    54
       Swiftness         |       |       |       |       |     7 |       ||     7
       Ozocubu's Refrige |       |       |       |       |    79 |    20 ||    99
       Iskenderun's Batt |       |       |       |       |     4 |     3 ||     7
       Orb of Destructio |       |       |       |       |     2 |    21 ||    23
Evoke: Wand              |     1 |       |     1 |     3 |    10 |     2 ||    17
       Staff of energy   |       |       |       |       |   167 |    33 ||   200
  Use: Scroll            |       |       |    12 |    17 |    16 |     7 ||    52
       Potion            |       |       |       |    11 |    10 |       ||    21
 Stab: Distracted        |       |       |     1 |       |     1 |       ||     2
       Sleeping          |       |       |     1 |       |       |       ||     1
  Eat: Chunk             |     3 |     7 |    20 |    18 |    31 |     4 ||    83
       Ration            |       |     1 |       |     3 |     3 |       ||     7
Armor: Robe              |     3 |    16 |    29 |    21 |    36 |     5 ||   110
       Skin              |       |       |       |     3 |     3 |       ||     6
Dodge: Dodged            |    39 |    60 |    87 |   108 |   228 |    15 ||   537
       Repelled          |       |       |       |       |    16 |     1 ||    17
Block: Buckler           |       |       |    15 |    30 |    62 |     2 ||   109
       Rpst.: Falchion   |       |       |    16 |    21 |    15 |       ||    52
